Match 42598135
Unlisted

Match 42598135
End
Construct Infanterie Kompanie
Selects Luftwaffe Battlegroup
MG 42 Machine Gun Team
Grenadier Squad
GrW 34 Mortar Team
Grenadier Squad
Grenadier Squad
Infanterie Officer Quarters
Selects Stuka Strafing Run
Stuka Strafing Run
Grenadier Squad
Selects Luftwaffe Pioneer Support
Selects LG40 Recoilless Gun Paradrop
Construct Panzergrenadier Kompanie
Pak 40 Anti-tank Gun Team
Stuka Strafing Run
Medical Bunker
Construct Panzer Kompanie
Stoßtruppen Squad
Panzer IV Medium Tank
Selects Fallschirmjäger Squad Paradrop
Selects Stuka Loiter
Pioneer Squad
Stoßtruppen Squad
Phan
panther
Dark Angels
Tirant
【POW】游骑
我真的不是驴
eliass0101
GAGE
0
0

Comments sign in to comment!

No comments posted yet!